 Dungeon Crawl Stone Soup version 0.25.0-11-g1f837a76a1 (webtiles) character file.

Game seed: 17955490381214330802

5828 Stil the Thaumaturge (level 10, -25/50 HPs)
             Began as a Deep Elf Conjurer on June 25, 2020.
             Annihilated by Erolcha
             ... wielding a +0 giant spiked club
              (39 damage)
             ... on level 9 of the Dungeon.
             The game lasted 00:46:24 (10932 turns).

Stil the Thaumaturge (Deep Elf Conjurer)           Turns: 10932, Time: 00:46:25

Health: -25/50     AC:  7    Str:  5    XL:     10   Next: 51%
Magic:  13/28      EV: 32    Int: 30    God:
Gold:   487        SH:  0    Dex: 15    Spells: 14/33 levels left

rFire    + . .     SeeInvis .   v - +4 spear (venom)
rCold    + . .     Gourm    .   (no shield)
rNeg     . . .     Faith    .   x - +1 robe {rC+ rF+}
rPois    +         Spirit   .   (no helmet)
rElec    .         Reflect  .   (no cloak)
rCorr    .         Harm     .   y - +0 pair of gloves
MR       +....                  u - +2 pair of boots
Stlth    ++........             J - amulet of the acrobat
HPRegen  0.16/turn              p - ring of poison resistance
MPRegen  0.21/turn              h - +6 ring of intelligence

@: marked, acrobat
A: no striking features
a: no special abilities


You were on level 9 of the Dungeon.
You were not hungry.

You visited 2 branches of the dungeon, and saw 10 of its levels.

You collected 487 gold pieces.

Inventory:

Hand Weapons
 o - a +1 vorpal war axe
 v - a +4 spear of venom (weapon)
Missiles
 i - 4 silver javelins
 G - 20 poisoned darts
 K - 5 silver boomerangs (quivered)
Armour
 d - a cursed +0 leather armour
 u - a +2 pair of boots (worn)
 x - a +1 robe of resistance (worn)
 y - a +0 pair of gloves (worn)
Magical Staves
 w - an uncursed staff of summoning
Jewellery
 e - a +6 ring of dexterity
 g - a +6 ring of strength {unknown}
 h - a +6 ring of intelligence (right hand)
 p - a ring of poison resistance (left hand)
 t - an uncursed ring of flight
 D - a +4 ring of evasion {unknown}
 J - an amulet of the acrobat (around neck)
Wands
 B - a wand of acid (6)
 C - a wand of paralysis (9)
Scrolls
 a - 2 scrolls of magic mapping
 j - 2 scrolls of teleportation {unknown}
 q - 2 scrolls of enchant weapon {unknown}
 r - 2 scrolls of fog {unknown}
 A - a scroll of enchant armour
 E - 3 scrolls of identify
 F - a scroll of blinking {unknown}
Potions
 b - 2 potions of might
 f - a potion of flight
 k - 6 potions of curing
 l - 3 potions of cancellation
 m - a potion of lignification {unknown}
 n - a potion of haste {unknown}
 s - a potion of magic {unknown}
 z - a potion of resistance {unknown}
 H - a potion of berserk rage {unknown}
Comestibles
 c - 15 rations
 I - 3 chunks of flesh


   Skills:
 + Level 8.3 Dodging
 - Level 2.4 Stealth
 * Level 12.3 Spellcasting
 * Level 11.3 Conjurations
 - Level 5.0 Hexes
 - Level 3.0 Poison Magic


You had 14 spell levels left.
You knew the following spells:

 Your Spells              Type           Power        Failure   Level  Hunger
a - Magic Dart            Conj           ####         1%          1    None
b - Searing Ray           Conj           ######       1%          2    None
c - Fulminant Prism       Conj/Hex       ######....   1%          4    None
d - Mephitic Cloud        Conj/Pois/Air  #####...     1%          3    None
e - Cause Fear            Hex            #####.....   3%          4    None
f - Yara's Violent Unrav  Hex/Tmut       ####......   26%         5    ##.....

Your spell library contained the following spells:

 Spells                   Type           Power        Failure   Level  Hunger
 Slow                     Hex            #####...     1%          2    None
 Conjure Flame            Conj/Fire      ######..     1%          3    None
 Dazzling Flash           Conj/Hex       ######       1%          3    None
 Beastly Appendage        Tmut           ###...       2%          1    None
 Iskenderun's Mystic Bla  Conj/Tloc      ######..     2%          4    None
 Blink                    Tloc           N/A          4%          2    None
 Call Imp                 Summ           ###.....     4%          2    None
 Sticks to Snakes         Tmut           ###.....     4%          2    None
 Spider Form              Tmut/Pois      ####......   4%          3    None
 Ice Form                 Ice/Tmut       ###.....     26%         4    None
 Silence                  Hex/Air        ####......   26%         5    ##.....
 Blade Hands              Tmut           ###.......   58%         5    ##.....
 Discord                  Hex            #####.....   100%        8    #######


Dungeon Overview and Level Annotations

Branches:
Dungeon (9/15)             Temple (1/1) D:4
   Lair: D:8-11         Orc: D:9-12

Altars:
Ashenzari
Cheibriados
Dithmenos
Elyvilon
Fedhas
Hepliaklqana
Kikubaaqudgha
Makhleb
Nemelex Xobeh
Okawaru
Qazlal
Ru
Sif Muna
Trog
Uskayaw
Wu Jian
Xom
Yredelemnul
Zin
The Shining One

Shops:
D:4 }   D:5 (

Annotations:
D:9 Erolcha


Message History

Ouch! That really hurt!
* * * LOW HITPOINT WARNING * * *
The searing ray hits Erolcha.
Erolcha is lightly wounded.
The searing ray hits the centaur!
The centaur is severely wounded.
An orc warrior comes into view. It is wielding a +0 scimitar.
A yak comes into view.
Erolcha screams, "Erolcha happy to kill you!"
Erolcha completely misses you.
Okay, then.
The searing ray hits Erolcha!
Erolcha is heavily wounded.
The searing ray hits the centaur!
You kill the centaur!
An orc comes into view. It is wielding a +1 vorpal mace.
A yak comes into view.
Erolcha hits you with a +0 giant spiked club!!!
Ouch! That really hurt!
You die...

##.#######.# ...# #.#
##.# #.# #.# #.# #.#
#.# #.#######.########
#..........<...oo
#.#######.#####O# .#
#.# #@# #.# #†# #.#
#.#
######.#####Y########
............Y.........
########.#####5.......
#.# #........ #.#
#........ #.#
#........


You could see Erolcha, 2 yaks, an orc warrior, a crimson imp and an orc.

Vanquished Creatures
  Harold (D:8)
  A hornet (D:7)
  Grinder (D:3)
  A hippogriff (D:9)
  Sigmund (D:3)
  A spriggan (D:7)
  A hungry ghost (D:8)
  A water moccasin (D:6)
  A hornet zombie (D:9)
  6 orc warriors
  2 sky beasts
  2 phantoms (D:7)
  A black bear (D:6)
  An ice beast (D:8)
  2 ogres
  4 centaurs
  An eye of draining (D:3)
  3 bullfrogs
  A big kobold (D:7)
  A wyvern zombie (D:8)
  A gnoll sergeant (D:6)
  3 scorpions
  3 howler monkeys (D:8)
  3 crimson imps
  A centaur zombie (D:8)
  2 bullfrog zombies
  6 hounds
  9 orc priests
  3 centaur skeletons
  A bullfrog skeleton (D:5)
  5 jellies
  4 orc wizards
  5 worker ants
  A killer bee zombie (D:8)
  A hound zombie (D:9)
  2 hound skeletons
  A howler monkey zombie (D:8)
  A worker ant zombie (D:7)
  8 gnolls
  8 adders
  3 shadow imps
  An adder zombie (D:5)
  An adder skeleton (D:8)
  2 worms
  2 dart slugs (D:1)
  4 leopard geckos
  54 orcs
  7 giant cockroaches
  9 goblins
  5 hobgoblins
  10 jackals
  6 kobolds
  4 quokkas
  A ball python (D:1)
  6 bats
  4 frilled lizards
  A leopard gecko skeleton (D:8)
  A leopard gecko zombie (D:8)
  6 rats
228 creatures vanquished.

Vanquished Creatures (others)
  17 fulminant prisms
17 creatures vanquished.

Grand Total: 245 creatures vanquished

Notes
Turn   | Place    | Note
-------+----------+-------------------------------------------
     0 | D:1      | Stil the Deep Elf Conjurer began the quest for the Orb.
     0 | D:1      | Reached XP level 1. HP: 10/10 MP: 6/6
   203 | D:1      | Reached XP level 2. HP: 15/15 MP: 5/8
   269 | D:1      | Learned a level 2 spell: Searing Ray
   590 | D:1      | Reached skill level 5 in Conjurations
  1284 | D:2      | Noticed a bullfrog
  1289 | D:2      | Killed a bullfrog
  1289 | D:2      | Reached skill level 4 in Spellcasting
  1289 | D:2      | Reached XP level 3. HP: 3/19 MP: 5/10
  1289 | D:2      | Reached XP level 4. HP: 4/24 MP: 6/12
  2480 | D:3      | Found a glowing golden altar of the Shining One.
  2634 | D:3      | Learned a level 4 spell: Fulminant Prism
  2683 | D:3      | Reached XP level 5. HP: 28/28 MP: 11/14
  2714 | D:3      | Noticed Grinder
  2720 | D:3      | Paralysed by Grinder for 2 turns
  2724 | D:3      | Killed Grinder
  2724 | D:3      | Reached skill level 5 in Spellcasting
  2724 | D:3      | Reached skill level 1 in Hexes
  2724 | D:3      | Reached XP level 6. HP: 18/32 MP: 4/16
  2808 | D:3      | Noticed Sigmund
  2875 | D:3      | Killed Sigmund
  2875 | D:3      | Reached skill level 6 in Spellcasting
  3200 | D:3      | Found a bloodstained altar of Trog.
  3251 | D:3      | Reached XP level 7. HP: 36/36 MP: 3/18
  3499 | D:3      | Found a faded altar of an unknown god.
  3586 | D:4      | Found Kesotop's Gadget Shop.
  3660 | D:4      | Found a staircase to the Ecumenical Temple.
  3679 | Temple   | Entered the Ecumenical Temple
  4073 | D:4      | Reached skill level 7 in Spellcasting
  4446 | D:4      | Learned a level 3 spell: Mephitic Cloud
  4684 | D:5      | Entered Level 5 of the Dungeon
  4702 | D:5      | Reached skill level 5 in Dodging
  4702 | D:5      | Reached XP level 8. HP: 41/41 MP: 15/21
  5048 | D:5      | Reached skill level 5 in Hexes
  5278 | D:5      | Found Poxtun's Antique Weapon Shoppe.
  5312 | D:5      | Reached skill level 8 in Spellcasting
  6126 | D:6      | Reached skill level 9 in Spellcasting
  6334 | D:6      | Reached XP level 9. HP: 26/45 MP: 20/24
  6982 | D:7      | Found a white marble altar of Elyvilon.
  7255 | D:7      | Reached skill level 1 in Poison Magic
  7266 | D:7      | Reached skill level 10 in Spellcasting
  7306 | D:7      | Identified the +0 robe of Morality {*Corrode Int+3}
  8738 | D:8      | Reached skill level 10 in Conjurations
  9110 | D:8      | Reached skill level 11 in Spellcasting
  9270 | D:8      | Learned a level 4 spell: Cause Fear
  9276 | D:8      | Learned a level 5 spell: Yara's Violent Unravelling
  9582 | D:8      | Reached XP level 10. HP: 34/50 MP: 12/27
  9627 | D:8      | Noticed Harold
  9639 | D:8      | Killed Harold
 10504 | D:8      | Found a sparkling altar of Nemelex Xobeh.
 10634 | D:8      | Reached skill level 12 in Spellcasting
 10928 | D:9      | Noticed Erolcha
 10932 | D:9      | Annihilated by Erolcha

Illustrated notes

Levels and vault maps discovered:
D:1:      eino_arrival_cavern_b, layout_loops_corners
D:2:      layout_loops_ring, first_ration, minmay_3d_cube
D:3:      layout_basic, tso_altar, trog_eyes_of_draining,
          chequers_ecumenical_altar_grove, uniq_sigmund, uniq_grinder
D:4:      layout_rooms, minmay_temple_entry_proselytizer, serial_shops,
          shop_statue
D:5:      layout_gridville, serial_shops, shop
D:6:      layout_loops_cross, minmay_bent
D:7:      layout_basic, lemuel_round_altar, the_bakery,
          minmay_fractal_squares_diagonal_5
D:8:      kennysheep_spiral_hall, layout_basic, lemuel_crystal_altar,
          special_room [special_room_orc], uniq_harold
D:9:      layout_small_grid, chequers_temple_overflow_statue_of_worship,
          serial_shops, kennysheep_mini, basic_altar, moated_statue,
          uniq_erolcha
Temple:   eino_temple_rhombus

Skill      XL: |  1  2  3  4  5  6  7  8  9 10 |
---------------+-------------------------------+-----
Conjurations   | 5 6 7 9 10 11 | 11.3
Dodging        | 3 4 5 6 7 8 |  8.3
Spellcasting   | 4 5 6 7 9 11 12 | 12.3
Hexes          | 1 2 4 5 |  5.0
Poison Magic   | 3 |  3.0
Stealth        | |  2.4

Action                   |  1- 3 |  4- 6 |  7- 9 | 10-12 || total
-------------------------+-------+-------+-------+-------++-------
Melee: Dagger            |     3 |     3 |       |       ||     6
       Spear             |       |       |       |     3 ||     3
 Cast: Magic Dart        |    38 |    51 |   150 |    49 ||   288
       Searing Ray       |     2 |    16 |    71 |    15 ||   104
       Fulminant Prism   |       |       |    10 |     7 ||    17
       Mephitic Cloud    |       |       |     1 |       ||     1
       Cause Fear        |       |       |       |     1 ||     1
  Use: Scroll            |       |     9 |     5 |       ||    14
 Stab: Sleeping          |     1 |       |       |       ||     1
  Eat: Chunk             |       |     7 |    16 |     5 ||    28
       Ration            |       |       |     1 |       ||     1
Armor: Robe              |       |     4 |    11 |     3 ||    18
Dodge: Dodged            |     3 |     8 |    53 |    46 ||   110
